 Dungeon Crawl Stone Soup version 0.28-a0-312-gbced6e68ee (webtiles) character file.

Game seed: 1600341887914136259

30 frimble the Cudgeller (level 3, -1/31 HPs)
             Began as a Gnoll Wanderer on Aug 30, 2021.
             Slain by a jackal (3 damage)
             ... on level 2 of the Dungeon.
             The game lasted 00:01:50 (1255 turns).

frimble the Cudgeller (Gnoll Wanderer)              Turns: 1255, Time: 00:01:51

Health: -1/31      AC:  2    Str: 10    XL:     3   Next: 18%
Magic:  3/3        EV:  9    Int: 14    God:
Gold:   40         SH:  7    Dex: 10    Spells: 3/3 levels left

rFire   . . .      SeeInvis .   a - +0 mace
rCold   . . .      Faith    .   b - +0 kite shield
rNeg    . . .      Spirit   .   d - +0 robe
rPois   .          Reflect  .   (no helmet)
rElec   .          Harm     .   (no cloak)
rCorr   .          Rampage  .   (no gloves)
Will    .....                   (no boots)
Stlth   ++........              k - amulet of magic regeneration
HPRegen 0.10/turn               (no ring)
MPRegen 0.33/turn               (no ring)

@: on berserk cooldown
A: fangs 1, strong nose, distributed training
a: no special abilities


You were on level 2 of the Dungeon.
You visited 1 branch of the dungeon, and saw 2 of its levels.

You collected 40 gold pieces.

Inventory:

Hand Weapons
 a - a +0 mace (weapon)
 e - a +0 dagger
Missiles
 l - 46 stones (quivered)
Armour
 b - a +0 kite shield (worn)
 d - a +0 robe (worn)
Jewellery
 k - an amulet of magic regeneration (around neck)
Scrolls
 f - a scroll of fog {unknown}
 g - 2 scrolls of blinking {unknown}
 m - a scroll of amnesia {unknown}
 n - a scroll of identify {unknown}
 o - 3 scrolls of teleportation {unknown}
 p - a scroll of torment {unknown}
Potions
 c - a potion of curing
 i - a potion of cancellation
 j - a potion of magic {unknown}
 r - 2 potions of mutation {unknown}


   Skills:
 + Level 4.5 Fighting
 + Level 0.6 Short Blades
 + Level 0.6 Long Blades
 + Level 0.6 Axes
 + Level 4.5 Maces & Flails
 + Level 0.6 Polearms
 + Level 0.6 Staves
 + Level 0.6 Slings
 + Level 0.6 Bows
 + Level 0.6 Crossbows
 + Level 0.6 Throwing
 + Level 2.5 Armour
 + Level 2.5 Dodging
 + Level 4.1 Stealth
 + Level 2.5 Shields
 + Level 0.6 Unarmed Combat
 + Level 0.6 Spellcasting
 + Level 0.4 Conjurations
 + Level 0.4 Hexes
 + Level 0.4 Summonings
 + Level 0.4 Necromancy
 + Level 0.4 Translocations
 + Level 0.4 Transmutations
 + Level 0.4 Fire Magic
 + Level 0.4 Ice Magic
 + Level 0.4 Air Magic
 + Level 0.4 Earth Magic
 + Level 0.4 Poison Magic
 + Level 0.8 Invocations
 + Level 2.5 Evocations


You had 3 spell levels left.
You didn't know any spells.
Your spell library was empty.

Dungeon Overview and Level Annotations

Branches:
Dungeon (2/15)

Altars:

Shops:
D:2 *

Annotations:
D:2 1 runed translucent door, Crazy Yiuf


Innate Abilities, Weirdness & Mutations

You have very sharp teeth.
Your uncanny sense of smell can sniff out nearby items.
Your experience applies equally to all skills.


Message History

The atropa-tipped dart closely misses the jackal.
The atropa-tipped dart closely misses the goblin.
The atropa-tipped dart hits the jackal.
The jackal appears confused.
The kobold hits you with a +0 hand axe.
* * * LOW HITPOINT WARNING * * *
The kobold hits you with a +0 hand axe.
* * * LOW HITPOINT WARNING * * *
Throw: dart (atropa)
Press: ? - help, Q - select action, (/) - cycle Shift-Dir - straight line, f/p - kobold
Aim: a kobold, wielding a +0 hand axe and wearing a +0 chain mail (57% to hit, chance to blind on hit: 100%)
You throw an atropa-tipped dart.
The atropa-tipped dart barely misses the kobold.
The atropa-tipped dart hits the jackal.
The jackal appears confused.
The jackal seems less confused.
The jackal barely misses the jackal.
The jackal bites the kobold but does no damage.
The kobold closely misses you.
You aren't carrying any items that you can evoke.
It was a potion of berserk rage.
A red film seems to cover your vision as you go berserk!
You feel yourself moving faster!
You feel mighty!
The jackal seems less confused.
The kobold hits you with a +0 hand axe.
* * * LOW HITPOINT WARNING * * *
You are too berserk!
Unknown command.
You closely miss the kobold. You block the kobold's attack.
You hit the kobold.
You kill the kobold!
The jackal is no longer blind.
The jackal is no longer blind.
You feel a strong urge to attack something.
You feel your anger nearly subside.
You are no longer berserk.
You are exhausted.
You feel yourself slow down.
It was a potion of cancellation.
Your magical effects are unravelling.
You feel magically purged.
You feel yourself speed up. The jackal bites you.
You die...

######
##########################....##
.....hg..(bh.hh@..............'.
.......###################..).##
.....h. #....# ....b.. #....#
....... #....# ....... #.†..#
....... #....# ....... ######


You could see 3 jackals and a bat.

Vanquished Creatures
  A worm (D:2)
  4 endoplasms
  5 goblins
  2 hobgoblins
  A ball python (D:2)
  4 bats (D:1)
  A frilled lizard (D:1)
  5 kobolds
  A rat (D:1)
24 creatures vanquished.

Notes
Turn   | Place    | Note
-------+----------+-------------------------------------------
     0 | D:1      | frimble the Gnoll Wanderer began the quest for the Orb.
     0 | D:1      | frimble set off with the following items: a +0 mace, a +0
                  | kite shield, a potion of curing, a +0 robe, a +0 dagger
     0 | D:1      | Reached XP level 1. HP: 20/20 MP: 1/1
   226 | D:1      | Reached XP level 2. HP: 25/26 MP: 2/2
   385 | D:1      | Found a faded altar of an unknown god.
   810 | D:2      | Found a runed translucent door.
   811 | D:2      | Noticed Crazy Yiuf
   836 | D:2      | Found Patogop's General Store.
   978 | D:2      | Reached XP level 3. HP: 13/31 MP: 3/3
  1255 | D:2      | Slain by a jackal

Illustrated notes

Levels and vault maps discovered:
D:1:      mrwooster_arrival_arrow, layout_rooms, basic_ecumenical_altar,
          chequers_serial_rivers_small_b
D:2:      layout_basic, serial_shops, nicolae_shop_window_shopping,
          uniq_terence, uniq_crazy_yiuf_cottage

Action                   || total
-------------------------++-------
Melee: Mace              ||    54
Throw: Stone             ||    21
       Dart              ||     2
  Use: Potion            ||     2
 Stab: Sleeping          ||     3
Armor: Robe              ||    15
Dodge: Dodged            ||    17
Block: Kite shield       ||    23

Table legend: (Time is in decaauts)
 A = Elapsed time spent in this place.
 B = Non-inter-level travel time spent in this place.
 C = Inter-level travel time spent in this place.
 D = Time resting spent in this place.
 E = Time spent auto-exploring this place.
 F = Levels seen in this place.
 G = Mean time per level.
                   A        B        C        D        E       F      G
               +--------+--------+--------+--------+--------+-----+--------+
         Total |   1282 |   1265 |     17 |      0 |   1000 |   2 |  641.0 |
       Dungeon |   1282 |   1265 |     17 |      0 |   1000 |   2 |  641.0 |
               +--------+--------+--------+--------+--------+-----+--------+

Top non-repeatable levels by time:
     D:1: 787 daAuts
     D:2: 495 daAuts
